 Dungeon Crawl Stone Soup version 0.17.1-2-g5865329 (webtiles) character file.

168 Opium the Magician (level 5, -4/28 HPs)
             Began as a Deep Elf Wizard on Jan 17, 2016.
             Killed from afar by an orc wizard (7 damage)
             ... with a magic dart
             ... on level 3 of the Dungeon.
             The game lasted 00:14:08 (2261 turns).

Opium the Magician (Deep Elf Wizard)                Turns: 2261, Time: 00:14:08

Health: -4/28      AC:  2    Str:  4    XL:     5   Next: 23%
Magic:  5/15       EV: 13    Int: 24    God:
Gold:   112        SH:  0    Dex: 13    Spells: 4 memorised, 8 levels left

rFire  . . .     SeeInvis .     k - +1 dagger (venom)
rCold  . . .     Clarity  .     a - +0 robe
rNeg   . . .     SustAt   .     (no shield)
rPois  .         Gourm    .     b - +0 hat
rElec  .         Spirit   .     (no cloak)
rCorr  .         Warding  .     (no gloves)
rMut   .         Stasis   .     (no boots)
MR     .....                    (no amulet)
Stlth  ++........               (no ring)
                                (no ring)

@: not resistant to hostile enchantments, unstealthy
A: no striking features
a: no special abilities


You were on level 3 of the Dungeon.
You were not hungry.

You visited 1 branch of the dungeon, and saw 3 of its levels.

You collected 112 gold pieces.

Inventory:

Hand Weapons
 e - a +0 dagger
 k - a +1 dagger of venom (weapon)
 s - a cursed -1 dagger
Armour
 a - a +0 robe (worn)
 b - a +0 hat (worn)
 f - a +2 pair of gloves of archery
Jewellery
 j - an uncursed ring of flight {unknown}
Scrolls
 h - 2 scrolls of amnesia
 i - a scroll of enchant armour
 m - a scroll of teleportation
 o - a scroll of blinking
 r - a scroll of fog {unknown}
 t - a scroll of enchant weapon {unknown}
Potions
 g - a potion of haste {unknown}
 p - a potion of curing {unknown}
 q - a potion of magic {unknown}
Books
 c - a book of Minor Magic

   Spells                             Type                      Level
   a - Magic Dart                     Conjuration                  1
   b - Blink                          Translocation                2
   c - Call Imp                       Summoning                    2
   d - Repel Missiles                 Charms/Air                   2
   e - Slow                           Hexes                        2
   f - Conjure Flame                  Conjuration/Fire             3
   g - Mephitic Cloud                 Conjuration/Poison/Air       3
 l - a Grand Grimoire

   Spells                             Type                      Level
   a - Monstrous Menagerie            Summoning                    6
   b - Summon Greater Demon           Summoning                    7
   c - Malign Gateway                 Summoning/Translocation      7
   d - Summon Horrible Things         Summoning                    8
Comestibles
 d - 3 bread rations
 n - 2 chunks of flesh
 u - a beef jerky


   Skills:
 + Level 0.1 Fighting
 + Level 3.2 Dodging
 + Level 3.4 Stealth
 + Level 5.9 Spellcasting
 + Level 2.1 Conjurations
 + Level 0.6 Hexes
 * Level 2.0 Charms
 * Level 2.2 Summonings
   Level 1.1 Translocations


You had 8 spell levels left.
You knew the following spells:

 Your Spells              Type           Power        Failure   Level  Hunger
a - Magic Dart            Conj           ###.         3%          1    None
b - Call Imp              Summ           ###.....     6%          2    None
c - Slow                  Hex            ##......     12%         2    None
d - Repel Missiles        Chrm/Air       ##....       10%         2    None


Dungeon Overview and Level Annotations

Branches:
Dungeon (3/15)

Altars:
Ashenzari
Makhleb
Sif Muna


Message History

The puff of flame misses you.
Things that are here:
a trident; an orc corpse You hear some strange, mumbled words.
A magic dart appears from out of thin air!
The magic dart hits you!
* * * LOW HITPOINT WARNING * * *
Casting: Magic Dart
Confirm with . or Enter, or press ? or * to list all spells.
A beastly little devil appears in a puff of frigid air.
Something hits you.
* * * LOW HITPOINT WARNING * * *
You hear some strange, mumbled words.
A puff of flame appears from out of thin air!
The puff of flame misses you. The puff of flame hits your white imp.
Your white imp is burned terribly!
Your white imp dies!
A magic dart appears from out of thin air!
The magic dart hits you!
You die...

........#.# #######.#.#
........#)# ######....#
#.##)# #. #.# #. #{# #.
#.# #. #@#
####.##.######
.............#
###.#.#.####.###########
####.#.#.# #............
.o.....#.# #.###########
..o....[.# #.#
.........# #.#
..##.#.### #.##


There were no monsters in sight!

Vanquished Creatures
  A crimson imp (D:2)
  Jessica (D:3)
  4 adders
  5 giant geckos
  2 orcs (D:3)
  4 giant cockroaches
  12 goblins
  11 hobgoblins
  6 kobolds
  2 ball pythons
  11 bats
  2 giant newts (D:1)
  8 rats
69 creatures vanquished.

Notes
Turn   | Place    | Note
--------------------------------------------------------------
     0 | D:1      | Opium the Deep Elf Wizard began the quest for the Orb.
     0 | D:1      | Reached XP level 1. HP: 10/10 MP: 7/7
   410 | D:1      | Reached XP level 2. HP: 15/15 MP: 6/9
   415 | D:1      | Learned a level 2 spell: Call Imp
   418 | D:1      | Learned a level 2 spell: Slow
   421 | D:1      | Learned a level 2 spell: Repel Missiles
   550 | D:1      | Reached skill level 5 in Spellcasting
   913 | D:1      | Reached XP level 3. HP: 19/19 MP: 3/11
  1351 | D:2      | Reached skill level 1 in Charms
  1540 | D:2      | Reached XP level 4. HP: 17/24 MP: 13/13
  1563 | D:2      | Found a burning altar of Makhleb.
  1576 | D:2      | Found a deep blue altar of Sif Muna.
  2059 | D:3      | Found a shattered altar of Ashenzari.
  2170 | D:3      | Noticed Jessica
  2180 | D:3      | Killed Jessica
  2180 | D:3      | Reached XP level 5. HP: 26/28 MP: 12/15
  2261 | D:3      | Killed from afar by an orc wizard

Action                   |  1- 3 |  4- 6 || total
-------------------------+-------+-------++-------
Melee: Club              |     1 |       ||     1
       Dagger            |    29 |    21 ||    50
 Cast: Magic Dart        |    82 |    35 ||   117
       Slow              |     4 |     2 ||     6
       Call Imp          |       |     1 ||     1
  Use: Scroll            |       |     4 ||     4
 Stab: Sleeping          |     5 |     3 ||     8
  Eat: Chunk             |     2 |     2 ||     4
